 Dungeon Crawl Stone Soup version 0.30-a0-12-gd8047c6341 (webtiles) character file.

Game seed: 2998632004739828923

60 Newt the Trooper (level 3, -2/29 HPs)
             Began as a Demonspawn Gladiator on Aug 23, 2022.
             Slain by Grinder (5 damage)
             ... while paralysed by Grinder
             ... on level 3 of the Dungeon.
             The game lasted 00:02:44 (2274 turns).

Newt the Trooper (Demonspawn Gladiator)             Turns: 2274, Time: 00:02:45

Health: -2/29      AC:  3    Str: 16    XL:     3   Next: 82%
Magic:  12/12      EV:  2    Int:  9    God:
Gold:   69         SH:  0    Dex: 14    Spells: 2/2 levels left

rFire   . . .      SeeInvis .    a - +0 rapier
rCold   . . .      Faith    .    (no shield)
rNeg    . . .      Spirit   .    b - +0 leather armour
rPois   .          Reflect  .    (helmet restricted)
rElec   .          Harm     .    (no cloak)
rCorr   .          Rampage  .    (no gloves)
Will    .....                    (no boots)
Stlth   ++........               (no amulet)
HPRegen 0.09/turn                h - ring of magical power
MPRegen 0.13/turn                (no ring)

@: paralysed
A: antennae 1
a: no special abilities


You were on level 3 of the Dungeon.
You visited 1 branch of the dungeon, and saw 3 of its levels.

You collected 102 gold pieces.
You spent 33 gold pieces at shops.

Inventory:

Hand Weapons
 a - a +0 rapier (weapon)
Armour
 b - a +0 leather armour (worn)
 c - a +0 helmet
Jewellery
 h - a ring of magical power (left hand)
Scrolls
 k - 3 scrolls of teleportation
Potions
 f - 3 potions of attraction
 i - a potion of berserk rage {unknown}
 j - a potion of degeneration {unknown}


   Skills:
 + Level 3.5 Fighting
 - Level 2.6 Short Blades
 - Level 1.7 Throwing
 - Level 2.6 Dodging
 - Level 2.0 Stealth


You had 2 spell levels left.
You didn't know any spells.
Your spell library contained the following spells:

 Spells                   Type           Power      Damage    Failure   Level
 Shock                    Conj/Air       0%         1d3       45%         1
 Swiftness                Air            0%         N/A       83%         3
 Airstrike                Air            0%         2d(0-16)  99%         4


Dungeon Overview and Level Annotations

Branches:
Dungeon (3/15)

Altars:

Shops:
D:2 ?

Annotations:
D:3 Grinder


Innate Abilities, Weirdness & Mutations

You have a pair of small antennae on your head.


Message History

You suddenly lose the ability to move!
Grinder gestures at you.
You shrug off the repeated paralysis!
Grinder says, "I used to sell toenails on the black market."
You can move again.
Grinder gestures at you. Pain shoots through your body!
You see here a javelin.
e - a javelin Grinder blinks!
You hit Grinder but do no damage.
Grinder is moderately wounded.
Grinder hits you.
You hit Grinder.
Grinder is moderately wounded.
Grinder completely misses you.
You hit Grinder but do no damage.
Grinder is moderately wounded.
Grinder blinks!
Throw: javelin
Press: ? - help, Q - select action Shift-Dir - straight line, f/p - Grinder
Aim: Grinder (moderately wounded, 55% to hit)
You throw a javelin. The javelin barely misses Grinder.
Unknown command.
You hit Grinder.
Grinder is heavily wounded.
Grinder closely misses you.
You hit Grinder.
Grinder is heavily wounded.
Grinder says, "Mostly I couldn't keep them alive."
Grinder hits you!
You writhe in agony.
You closely miss Grinder.
Grinder is heavily wounded.
Grinder gestures at you.
You suddenly lose the ability to move!
Grinder hits you but does no damage. Grinder hits you!
You writhe in agony.
* * * LOW HITPOINT WARNING * * *
Grinder hits you.
You die...

..# #.. #.# #.#
#.# #.# #.# #.#
#.# #.# # #.#
#.# #.###
#.####.##......
#@.....<..#
##5...(.....#
#.###.####.#
..(# #.# #
##..# #.. #..#
#### #..# #.##


You could see Grinder.

Vanquished Creatures
  2 adders (D:2)
  2 worms (D:2)
  3 dart slugs (D:2)
  6 bats
  An endoplasm (D:1)
  2 giant cockroaches
  3 goblins
  A kobold (D:2)
  2 quokkas (D:1)
  7 ball pythons
  A frilled lizard (D:2)
30 creatures vanquished.

Vanquished Creatures (collateral kills)
  A bat (D:2)
1 creature vanquished.

Vanquished Creatures (others)
  A fungus (D:3)
1 creature vanquished.

Grand Total: 32 creatures vanquished

Notes
Turn   | Place    | Note
-------+----------+-------------------------------------------
     0 | D:1      | Newt the Demonspawn Gladiator began the quest for the Orb.
     0 | D:1      | Reached XP level 1. HP: 16/16 MP: 1/1
   125 | D:1      | Reached skill level 1 in Stealth
   423 | D:1      | Gained mutation: You have a pair of small antennae on your
                  | head. [demonic ancestry]
   423 | D:1      | Reached XP level 2. HP: 12/22 MP: 2/2
   805 | D:2      | HP: 1/22 [worm (9)]
  1370 | D:2      | Reached XP level 3. HP: 28/28 MP: 3/3
  1373 | D:2      | Found Badwoi's Magic Scroll Shoppe.
  1428 | D:2      | Bought a scroll of teleportation for 33 gold pieces
  1432 | D:2      | Found a faded altar of an unknown god.
  1449 | D:2      | Reached skill level 3 in Fighting
  2237 | D:3      | Noticed Grinder
  2242 | D:3      | Paralysed by Grinder for 5 turns
  2256 | D:3      | Paralysed by Grinder for 5 turns
  2271 | D:3      | Paralysed by Grinder for 4 turns
  2274 | D:3      | Slain by Grinder

Illustrated notes

Levels and vault maps discovered:
D:1:      ncdulo_halloftheorcs, layout_rooms, minmay_bisected
D:2:      layout_basic, hellmonk_ecumenical_altar_run_dry, serial_shops,
          nicolae_diamond_shop, minmay_pentomino_w2
D:3:      layout_loops_ring, chei_slow_surprise, dreamdust_princess_corridor,
          kennysheep_cross_room, kennysheep_small_spiral,
          kennysheep_flooded_box, uniq_grinder, uniq_crazy_yiuf_cottage

Skill      XL: |  1  2  3 |
---------------+----------+-----
Stealth        | 1 2 |  2.0
Fighting       | 3 |  3.5
Short Blades   | |  2.6
Throwing       | |  1.7
Dodging        | |  2.6

Action                   || total
-------------------------++-------
Melee: Rapier            ||   116
Throw: Throwing net      ||     4
       Javelin           ||     3
  Use: Scroll            ||     6
       Potion            ||     1
 Stab: Sleeping          ||     2
       Held in net/web   ||     1
Armor: Leather armour    ||    40
Dodge: Dodged            ||    83

Table legend: (Time is in decaauts)
 A = Elapsed time spent in this place.
 B = Non-inter-level travel time spent in this place.
 C = Inter-level travel time spent in this place.
 D = Time resting spent in this place.
 E = Time spent auto-exploring this place.
 F = Levels seen in this place.
 G = Mean time per level.
                   A        B        C        D        E       F      G
               +--------+--------+--------+--------+--------+-----+--------+
         Total |   2282 |   2270 |     12 |    492 |   1471 |   3 |  760.7 |
       Dungeon |   2282 |   2270 |     12 |    492 |   1471 |   3 |  760.7 |
               +--------+--------+--------+--------+--------+-----+--------+

Top non-repeatable levels by time:
     D:2: 1213 daAuts
     D:1: 1030 daAuts
     D:3: 38 daAuts
